AoeStats
← Sorrowft

Fortress

510038070Analyzed
2v2 RM · 2d ago on Sep 29, 2026· 54m 37s· 4 players
Game mode
Random Map
Map size
Normal (6 player)
Population
200
Speed
Normal
Resources
Standard
Victory
Conquest
Starting age
Dark Age
Ending age
Imperial Age
RankedLock teamsTeams togetherTeam positionsShared explorationLock speedFull tech treeHidden civsTurbo modeCheats
Victory
Defeat
785
+15
🇺🇸 Franks · United States
779
+15
🇲🇽 Mongols · Mexico
802
-16
🇲🇽 Britons · Mexico
733
-14
Sorrowft
3:23 Loom
6:53 Feudal Age
8:06 Double-Bit Axe
13:07 Castle Age
11:45 Horse Collar
13:27 Gold Mining
13:49 Fletching
14:00 Padded Archer Armor
14:10 Scale Barding Armor
15:57 Bow Saw
18:03 Stone Mining
24:18 Heavy Plow
28:32 Imperial Age
26:51 Bodkin Arrow
27:11 Leather Archer Armor
27:21 Ballistics
28:07 Wheelbarrow
27:17 Town Watch
28:28 Forging
30:16 Iron Casting
32:16 Conscription
33:54 Chemistry
35:06 Light Cavalry
35:57 Bloodlines
35:47 Husbandry
36:00 Bloodlines
35:52 Husbandry
36:04 Bloodlines
35:56 Husbandry
36:52 Heavy Camel Rider
39:04 Heavy Camel Rider
40:52 Hand Cart
40:22 Town Watch
41:18 Chain Barding Armor
42:18 Blast Furnace
41:53 Bloodlines
41:43 Husbandry
43:34 Bracer
47:18 Nomads
48:27 Gold Shaft Mining
48:27 Stone Shaft Mining
48:32 Husbandry
47:52 Light Cavalry
PILLORA
4:51 Loom
6:32 Loom
9:39 Feudal Age
10:26 Loom
10:31 Town Watch
15:04 Castle Age
13:42 Horse Collar
13:59 Double-Bit Axe
16:23 Heavy Plow
17:34 Bow Saw
20:39 Husbandry
22:23 Light Cavalry
31:27 Imperial Age
30:21 Wheelbarrow
29:48 Town Patrol
31:19 Masonry
31:44 Hand Cart
32:04 Crossbowman
34:57 Heated Shot
36:08 Chemistry
35:36 Pikeman
36:17 Squires
36:03 Arson
37:52 Halberdier
39:37 Cavalier
41:50 Arbalester
53:26 Man-at-Arms
53:51 Gambesons
☯︎ PΔTΔS DΞ STΞΞL ☯
1:12 Loom
8:09 Feudal Age
8:41 Horse Collar
8:50 Double-Bit Axe
16:03 Castle Age
15:18 Forging
15:08 Scale Mail Armor
15:13 Scale Barding Armor
17:57 Wheelbarrow
17:34 Bow Saw
17:26 Heavy Plow
17:48 Gold Mining
17:48 Stone Mining
20:50 Hand Cart
21:20 Gold Shaft Mining
21:20 Stone Shaft Mining
21:28 Stone Shaft Mining
23:41 Hamask
25:26 Ballistics
25:01 Murder Holes
26:02 Gambesons
26:20 Squires
26:08 Arson
29:30 Imperial Age
29:11 Iron Casting
28:53 Chain Mail Armor
31:11 Blast Furnace
30:36 Conscription
31:41 Elite Varangian Guard
31:43 Elite Jomsviking
31:55 Northmen's Fury
33:09 Capped Ram
35:14 Plate Mail Armor
35:26 Siege Ram
38:38 Scale Barding Armor
38:24 Fletching
38:34 Padded Archer Armor
46:53 Caravan
DRev2000
7:43 Feudal Age
6:18 Loom
6:24 Loom
8:12 Double-Bit Axe
13:29 Castle Age
13:29 Stone Mining
14:20 Scale Barding Armor
14:29 Forging
15:56 Bow Saw
16:35 Iron Casting
18:22 Gold Mining
19:52 Wheelbarrow
21:52 Fletching
22:23 Chain Barding Armor
23:20 Husbandry
23:20 Elite Skirmisher
24:08 Town Watch
24:40 Masonry
25:52 Ballistics
25:34 Bodkin Arrow
25:44 Padded Archer Armor
26:30 Treadmill Crane
27:27 Hand Cart
28:41 Murder Holes
29:00 Fortified Wall
29:53 Leather Archer Armor
30:43 Gold Shaft Mining
32:50 Imperial Age
32:58 Cavalier
34:17 Plate Barding Armor
34:43 Blast Furnace
35:52 Paladin
45:46 Light Cavalry
Connection lost

Rejoining the realm…

Still unreachable

The connection could not be restored.

Session expired

The server has moved on; the page needs a fresh start.